 Dungeon Crawl Stone Soup version 0.16-a0-1009-g0339a9e (webtiles) character file.

11 MackTheKnife the Caller (level 2, 0/19 HPs)
             Began as a Merfolk Summoner on Oct 3, 2014.
             Slain by a gnoll
             ... wielding a +0 spear
              (8 damage)
             ... on Level 1 of the Dungeon.
             The game lasted 00:01:42 (1303 turns).

MackTheKnife the Caller (Merfolk Summoner)          Turns: 1303, Time: 00:01:43

HP   0/19        AC  2     Str  8      XL: 2   Next: 25%
MP   0/4         EV 13     Int 14      God:
Gold 41          SH  0     Dex 14      Spells:  2 memorised,  2 levels left

rFire  . . .     SeeInvis .     (no weapon)
rCold  . . .     Clarity  .     a - +0 robe
rNeg   . . .     rCorr    .     (no shield)
rPois  .         rRot     .     (no helmet)
rElec  .         Spirit   .     (no cloak)
SustAb .         Warding  .     (no gloves)
rMut   .         Stasis   .     (no boots)
Gourm  .                        (no amulet)
MR     .....                    (no ring)
                                (no ring)

@: not resistant to hostile enchantments, unstealthy
A: change form in water, swift swim
a: no special abilities


You were on level 1 of the Dungeon.
You were near starving.

You visited 1 branch of the dungeon, and saw 1 of its levels.

You collected 41 gold pieces.


   Skills:
 - Level 2.6 Dodging
 - Level 2.1 Stealth
 - Level 2.0 Spellcasting
 + Level 4.5 Summonings


You had 2 spell levels left.
You knew the following spells:

 Your Spells              Type           Power        Failure   Level  Hunger
x - Call Imp              Summ           ##......     6%          2    ###....
z - Summon Small Mammal   Summ           ##..         3%          1    ##.....

Inventory:

Armour
 a - a +0 robe (worn)
Comestibles
 c - a bread ration
Potions
 d - 2 potions of cancellation {unknown}
 e - a potion of curing {unknown}
Books
 b - a book of Callings

   Spells                             Type                      Level
   *Summon Small Mammal               Summoning                    1
   *Call Imp                          Summoning                    2
   Call Canine Familiar               Summoning                    3
   Summon Guardian Golem              Hexes/Summoning              4
   Summon Lightning Spire             Summoning/Air                4
   Summon Ice Beast                   Ice/Summoning                4

·(····≈≈≈≈≈≈≈≈≈≈≈≈≈≈≈·▒▒
▒·≈≈≈≈≈≈≈≈≈≈≈≈≈≈≈≈······▒▒
▒≈≈≈≈≈≈≈≈≈≈≈≈≈≈≈·········▒ ▒
▒≈≈≈≈≈≈··················▒ ▒
▒≈≈≈≈···········≈≈≈≈···▒·▒ ▒
▒≈≈···<·······≈≈≈≈≈≈≈≈▒·▒ ▒
▒▒▒▒·······≈≈≈≈··≈≈≈≈≈▒·▒ ▒
▒▒▒▒≈≈≈≈≈≈≈·5g·····▒·▒ ▒
▒≈≈≈≈≈≈≈≈··m·5·······▒▒▒▒▒▒▒
▒▒▒▒▒▒▒▒▒··················+
▒················▒▒▒▒▒▒▒
▒·▒▒▒▒▒▒·▒▒▒▒·▒·······▒▒ ▒·▒
▒·▒ ▒·▒········· ▒·▒ ▒·▒
▒·+·········
▒▒·▒▒▒▒▒▒·▒▒▒▒▒▒·········
▒········>···············
▒▒▒▒▒▒▒▒▒▒▒▒▒▒▒▒·······▒▒


You could see a gnoll and 2 friendly crimson imps.


Message History

Found 16 gold pieces.
Read which item? (? for menu, Esc to quit)
As you read the scroll labeled HUUNKUKLUWOO, it crumbles to dust.
You experience a momentary feeling of inescapable doom!
It was a scroll of random uselessness.
You now have 41 gold pieces (gained 16).
You open the door.
There is an open door here.
You open the door.
Key pressed, stopping explore.
Found a chain mail.
Found a scroll of random uselessness.
You are feeling very hungry.
You see here a robe.
Key pressed, stopping explore.
There is a stone staircase leading down here.
A gnoll comes into view. It is wielding a spear.
The gnoll shouts!
A beastly little devil appears in a puff of flame.
A beastly little devil appears in a puff of flame.
You are near starving!
The gnoll closely misses you.
You hit the gnoll but do no damage. The gnoll hits you with a spear!
You barely miss the gnoll.
Your crimson imp hits the gnoll.
The gnoll hits you with a spear.
* * * LOW HITPOINT WARNING * * *
Unknown command.
Your crimson imp hits the gnoll.
The gnoll hits you from afar with a spear!
You die...

Action                   || total
-------------------------++-------
Melee: Unarmed           ||    78
 Cast: Summon Small Mamm ||     2
       Call Imp          ||     5
  Use: Scroll            ||     1
 Stab: Sleeping          ||     1

Vault maps used:
D:1:      dpeg_arrival_chase, minivault_19, minivault_27

Notes
Turn   | Place    | Note
--------------------------------------------------------------
     0 | D:1      | MackTheKnife, the Merfolk Summoner, began the quest for the Orb.
     0 | D:1      | Reached XP level 1. HP: 13/13 MP: 3/3
   455 | D:1      | Reached XP level 2. HP: 11/19 MP: 4/4
   577 | D:1      | Learned a level 2 spell: Call Imp
  1303 | D:1      | Slain by a gnoll

Vanquished Creatures
  A giant cockroach (D:1)
  A goblin (D:1)
  2 hobgoblins (D:1)
  A giant newt (D:1)
  A kobold (D:1)
  2 rats (D:1)
8 creatures vanquished.

Vanquished Creatures (collateral kills)
  A giant cockroach (D:1)
  2 goblins (D:1)
3 creatures vanquished.

Grand Total: 11 creatures vanquished
